 Dungeon Sprint DCSS version 0.18-a0-1471-gbbaf034 (webtiles) character file.

434 Arkorax the Fighter (level 7, 0/85 HPs)
             Began as an Octopode Fighter on Mar 2, 2016.
             Was an Initiate of Makhleb.
             Succumbed to Sonja's poison
             ... in the Dungeon (Sprint I: "Red Sonja").
             The game lasted 00:01:06 (541 turns).

Arkorax the Fighter (Octopode Fighter)               Turns: 541, Time: 00:01:06

Health: 0/85       AC:  1    Str: 20    XL:     7   Next: 0%
Magic:  7/7        EV: 10    Int: 11    God:    Makhleb [......]
Gold:   297        SH:  9    Dex: 13    Spells: 0 memorised, 6 levels left

rFire  . . .     SeeInvis .     a - +0 long sword
rCold  . . .     Gourm    .     b - +0 shield
rNeg   . . .     Faith    .     (helmet restricted)
rPois  .         Spirit   .     (no amulet)
rElec  .         Dismiss  .     (no ring)
rCorr  .         Reflect  .     (no ring)
SustAt .         Harm     .     (no ring)
MR     .....     NoTele   +     (no ring)
Stlth  ..........               (no ring)
                                (no ring)
                                (no ring)
                                (no ring)

@: berserking (expiring), lethally poisoned (0 -> -98), slowed, not resistant to
hostile enchantments, extremely unstealthy
A: almost no armour, amphibious, 8 rings, constrict 8, camouflage 1, gelatinous
body 1
a: Renounce Religion


You were in the Dungeon.
You worshipped Makhleb.
Makhleb was noncommittal.
You were not hungry.

You visited 1 branch You collected 297 gold pieces.

Inventory:

Hand Weapons
 a - a +0 long sword (weapon)
Armour
 b - a +0 shield (worn)
Scrolls
 j - a scroll of blinking
Potions
 c - a potion of might
 e - a potion of curing
 f - a potion of heal wounds
 g - a potion of haste
 h - 2 potions of magic
Books
 k - a book of Fire

   Spells                             Type                      Level
   a - Ignite Poison                  Fire/Transmutation/Poison    3
   b - Fireball                       Conjuration/Fire             5
   c - Bolt of Fire                   Conjuration/Fire             6
   d - Delayed Fireball               Conjuration/Fire             7
   e - Ring of Flames                 Charms/Fire                  7
Comestibles
 d - a bread ration


   Skills:
 * Level 9.6 Fighting
 * Level 9.4 Long Blades
 - Level 3.0 Dodging
 + Level 9.0 Stealth
 - Level 3.0 Shields


You had 6 spell levels left.
You didn't know any spells.

Dungeon Overview and Level Annotations

Branches:
Dungeon (1/1)

Altars:
Elyvilon
Gozag
Kikubaaqudgha
Makhleb
Nemelex Xobeh
Okawaru
Pakellas
Qazlal
Ru
Sif Muna
Trog
Vehumet
Xom
Yredelemnul
Zin
The Shining One

Shops:
D %

Annotations:
D Sonja


Innate Abilities, Weirdness & Mutations

You cannot wear most types of armour.
You are amphibious.
You can wear up to eight rings at the same time.
You can use your tentacles to constrict eight enemies at once.
Your skin changes colour to match your surroundings (Stealth).
Your rubbery body absorbs attacks (AC +1).


Message History

You feel very sick.
Sonja hits you with an uncursed short sword of venom.
* * * LOW HITPOINT WARNING * * *
You are more poisoned.
You block Sonja's attack. Sonja barely misses you.
Sonja hits you with an uncursed short sword of venom!
* * * LOW HITPOINT WARNING * * *
You are more poisoned.
You block Sonja's attack.
Sonja hits you with an uncursed short sword of venom.
* * * LOW HITPOINT WARNING * * *
You are more poisoned.
You are too injured to fight recklessly!
You are too injured to fight recklessly!
Unknown command.
You are too berserk!
You hit Sonja. You grab Sonja.
Sonja is moderately wounded.
You constrict Sonja.
You die...

#<.#.÷'..#.)'..#
#..'..#.)'..#..+
#..#####'#####'#
#..####..#...#)#
#..#__####..##.#
#..#_.___##'#..+
#⌠⌠#_.∩...'..._#
####_..._##_.#+#
#_____###@#
####### #K# $.$
#$.$# ##.## #+#


You could see Sonja.

Vanquished Creatures
  Sigmund (D)
  A yak (D)
  An ogre (D)
  A jelly (D)
  Ijyb (D)
5 creatures vanquished.

Notes
Turn   | Place    | Note
--------------------------------------------------------------
     0 | D        | Arkorax the Octopode Fighter began the quest for the Orb.
     0 | D        | Reached XP level 1. HP: 16/16 MP: 1/1
     1 | D        | Noticed Ijyb
     6 | D        | Killed Ijyb
     6 | D        | Reached XP level 2. HP: 20/23 MP: 2/2
     6 | D        | Reached XP level 3. HP: 23/27 MP: 3/3
     8 | D        | Noticed an ogre
    19 | D        | Killed an ogre
    19 | D        | Reached skill level 5 in Stealth
    19 | D        | Reached XP level 4. HP: 26/36 MP: 4/4
   104 | D        | Noticed Sigmund
   109 | D        | Killed Sigmund
   109 | D        | Reached XP level 5. HP: 40/45 MP: 5/5
   109 | D        | Reached XP level 6. HP: 45/51 MP: 6/6
   152 | D        | Found a deep blue altar of Sif Muna.
   154 | D        | Found a radiant altar of Vehumet.
   423 | D        | Found Doemor's Food Emporium.
   423 | D        | Found a white marble altar of Elyvilon.
   423 | D        | Found a stormy altar of Qazlal.
   423 | D        | Found a burning altar of Makhleb.
   423 | D        | Found a sacrificial altar of Ru.
   423 | D        | Found an oddly glowing altar of Pakellas.
   423 | D        | Found a basalt altar of Yredelemnul.
   423 | D        | Found a glowing golden altar of the Shining One.
   423 | D        | Found a sparkling altar of Nemelex Xobeh.
   423 | D        | Found a shimmering altar of Xom.
   423 | D        | Found an opulent altar of Gozag.
   423 | D        | Found an ancient bone altar of Kikubaaqudgha.
   423 | D        | Found a glowing silver altar of Zin.
   423 | D        | Noticed a yak
   424 | D        | Found an iron altar of Okawaru.
   428 | D        | Killed a yak
   428 | D        | Reached XP level 7. HP: 37/57 MP: 7/7
   429 | D        | Found a bloodstained altar of Trog.
   435 | D        | Became a worshipper of Makhleb the Destroyer
   533 | D        | Noticed Sonja
   541 | D        | Succumbed to Sonja's poison

Vault maps used:
D:        dungeon_sprint_1

Skill      XL: |  1  2  3  4  5  6 |
---------------+-------------------+-----
Fighting       | 4 6 8 9 |  9.6
Long Blades    | 4 6 8 9 |  9.4
Stealth        | 3 5 7 9 |  9.0
Dodging        | |  3.0
Shields        | |  3.0

Action                   |  1- 3 |  4- 6 |  7- 9 || total
-------------------------+-------+-------+-------++-------
Melee: Long sword        |    12 |    13 |     4 ||    29
  Use: Potion            |       |       |     1 ||     1
 Stab: Sleeping          |     1 |     2 |       ||     3
